AoeStats
← Camping Crumbs

Oasis

508084993Analyzed
2v2 RM · 10d ago on Sep 20, 2026· 75m 46s· 4 players
Game mode
Random Map
Map size
Medium (4 player)
Population
200
Speed
Normal
Resources
Standard
Victory
Conquest
Starting age
Dark Age
Ending age
Imperial Age
RankedLock teamsTeams togetherTeam positionsShared explorationLock speedFull tech treeHidden civsTurbo modeCheats
Victory
Defeat
🇫🇷 Japanese · France
665
+12
🇫🇷 Khmer · France
651
+14
🇺🇸 Vietnamese · United States
588
-13
🇺🇸 Franks · United States
583
-13
Camping Crumbs
0:47 Loom
2:25 Loom
10:59 Feudal Age
12:31 Wheelbarrow
11:46 Double-Bit Axe
13:41 Stone Mining
26:03 Castle Age
27:42 Bow Saw
27:43 Pikeman
32:53 #83
33:06 Forging
32:57 Scale Mail Armor
33:39 Hand Cart
42:26 Imperial Age
40:37 Squires
40:25 Arson
41:19 Masonry
41:31 Ballistics
41:29 Murder Holes
44:56 Elite Throwing Axeman
46:02 Conscription
45:48 Husbandry
47:20 Man-at-Arms
47:47 Gambesons
48:10 Light Cavalry
48:10 Cavalier
49:55 Elite Skirmisher
51:38 Imperial Skirmisher
55:53 Chain Mail Armor
56:14 Iron Casting
55:45 Scale Barding Armor
59:19 Caravan
59:50 Coinage
60:33 Chivalry
63:10 Chemistry
62:38 Halberdier
64:03 Long Swordsman
M4N1C mouse
4:59 Loom
12:55 Feudal Age
13:17 Horse Collar
13:23 Double-Bit Axe
14:16 Wheelbarrow
22:48 Forging
22:38 Scale Mail Armor
25:26 Castle Age
24:31 Fletching
24:41 Padded Archer Armor
26:06 Elite Skirmisher
26:52 Thumb Ring
26:50 Squires
27:56 Bow Saw
30:51 Caravan
31:30 Iron Casting
31:10 Chain Mail Armor
30:51 Bodkin Arrow
31:11 Leather Archer Armor
32:20 Hand Cart
40:25 Town Watch
47:02 Imperial Age
47:53 Capped Ram
50:39 Elite Fire Lancer
50:59 Elite Rattan Archer
52:01 Paper Money
71:45 Light Cavalry
72:37 Bloodlines
72:28 Husbandry
74:34 Heavy Plow
Adre
9:39 Loom
12:15 Feudal Age
15:39 Castle Age
13:58 Double-Bit Axe
14:31 Horse Collar
15:14 Bloodlines
16:41 Light Cavalry
24:08 Fletching
27:07 Caravan
27:50 Bow Saw
27:50 Bodkin Arrow
28:17 Husbandry
29:04 Town Watch
29:29 Padded Archer Armor
31:02 Wheelbarrow
31:41 Stone Mining
32:11 Scale Barding Armor
33:14 Ballistics
33:50 Hand Cart
35:37 Forging
38:27 Imperial Age
37:27 Iron Casting
37:04 Masonry
37:20 Scale Mail Armor
37:19 Murder Holes
37:19 Gold Mining
39:05 Chain Barding Armor
39:37 Coinage
39:45 Stone Shaft Mining
39:40 Town Patrol
40:22 Parthian Tactics
39:45 Heavy Cavalry Archer
41:06 Bracer
42:10 Chemistry
43:29 Blast Furnace
42:15 Hussar
43:33 Elite Skirmisher
45:19 Plate Barding Armor
46:37 Chain Mail Armor
46:26 Heavy Plow
48:18 Architecture
48:55 Elite Ballista Elephant
52:09 Siege Engineers
51:42 Heavy Scorpion
52:29 Double Crossbow
52:44 Pikeman
53:49 Leather Archer Armor
53:48 Fortified Wall
54:45 Halberdier
57:45 Conscription
59:25 Ring Archer Armor
59:43 Heated Shot
64:10 Elite Battle Elephant
71:42 Tusk Swords
Dood
11:19 Feudal Age
12:24 Loom
13:19 Wheelbarrow
12:26 Horse Collar
12:41 Double-Bit Axe
22:47 Castle Age
28:50 Forging
28:30 Fletching
28:41 Padded Archer Armor
28:42 Scale Mail Armor
28:47 Scale Barding Armor
34:58 Heavy Plow
34:53 Guard Tower
35:26 Ballistics
35:21 Masonry
35:08 Murder Holes
35:25 Fortified Wall
34:59 Treadmill Crane
38:26 Imperial Age
39:25 Heavy Cavalry Archer
41:02 Parthian Tactics
41:18 Yasama
41:39 Kataparuto
42:00 Hoardings
44:13 Elite Samurai
45:40 Caravan
60:20 Elite Skirmisher
73:25 Chemistry
73:01 Keep
72:13 Arrowslits
75:48 Siege Engineers
Connection lost

Rejoining the realm…

Still unreachable

The connection could not be restored.

Session expired

The server has moved on; the page needs a fresh start.